 Dungeon Crawl Stone Soup version 0.30-a0-218-gedb9141078 (webtiles) character file.

Game seed: 14625466222635123406

3489 LnG the Covert (level 10, -12/56 HPs)
             Began as a Kobold Summoner on Oct 5, 2022.
             Mangled by an orc warrior
             ... wielding a +0 war axe
              (18 damage)
             ... in a bailey.
             The game lasted 00:22:48 (10137 turns).

LnG the Covert (Kobold Summoner)                   Turns: 10137, Time: 00:22:51

Health: -12/56     AC:  8    Str:  5    XL:     10   Next: 27%
Magic:  17/17      EV: 20    Int: 29    God:
Gold:   469        SH:  4    Dex: 23    Spells: 5/18 levels left

rFire   . . .      SeeInvis .    l - +1 dagger (venom)
rCold   + . .      Faith    .    (no shield)
rNeg    . . .      Spirit   .    a - +1 robe
rPois   .          Reflect  .    (no helmet)
rElec   .          Harm     .    q - +0 cloak "Coogaxkith" {Int+9 Dex+4}
rCorr   .          Rampage  .    o - +1 pair of gloves
Will    .....                    c - +1 pair of boots
Stlth   +++++++...               (no amulet)
HPRegen 0.29/turn                n - ring of protection from cold
MPRegen 0.15/turn                (no ring)

@: about to teleport
A: small, no large weapons, nightstalker 3, large bone plates 1, agile 1,
screaming 1
a: no special abilities


You were in a bailey.
You visited 2 branches of the dungeon, and saw 9 of its levels.
You also visited: Ossuary and Bailey.

You collected 469 gold pieces.

Inventory:

Hand Weapons
 l - a +1 dagger of venom (weapon)
 u - the +5 mace of Infection {freeze, *Rage +Blink rF+ rN++}
   (You found it on level 5 of the Dungeon)

   It freezes those it strikes, dealing additional cold damage.
   It can also slow down cold-blooded creatures.
   rF:        It protects you from fire.
   rN:        It greatly protects you from negative energy.
   +Blink:    It lets you blink.
   *Rage:     It berserks you when you make melee attacks (+20% chance).
Armour
 a - a +1 robe (worn)
 c - a +1 pair of boots (worn)
 o - a +1 pair of gloves (worn)
 q - the +0 cloak "Coogaxkith" (worn) {Int+9 Dex+4}
   (You found it on level 3 of the Dungeon)

   Int:       It affects your intelligence (+9).
   Dex:       It affects your dexterity (+4).
Jewellery
 n - a ring of protection from cold (left hand)
 r - a ring of poison resistance
 x - a ring of flight
Wands
 t - a wand of flame (12)
 v - a wand of mindburst (17)
 w - a wand of acid (12)
Scrolls
 e - a scroll of fog
 f - a scroll of poison {unknown}
 g - 5 scrolls of amnesia
 i - a scroll of immolation
 p - 2 scrolls of teleportation
 s - 2 scrolls of vulnerability {unknown}
 y - a scroll of enchant weapon {unknown}
 E - a scroll of torment {unknown}
Potions
 b - a potion of magic
 d - 2 potions of haste {unknown}
 h - 3 potions of resistance {unknown}
 j - 2 potions of attraction {unknown}
 k - a potion of cancellation {unknown}
 m - 5 potions of brilliance {unknown}
 z - 2 potions of flight {unknown}
 A - 2 potions of berserk rage {unknown}
 B - 2 potions of lignification {unknown}
 C - a potion of heal wounds
 D - a potion of curing {unknown}


   Skills:
 + Level 3.8 Fighting
 + Level 6.8 Short Blades
 + Level 7.1 Dodging
 * Level 12.4 Stealth
 + Level 1.9 Shields
 + Level 4.8 Spellcasting
 + Level 5.9 Summonings
 + Level 1.2 Evocations


You had 5 spell levels left.
You knew the following spells:

 Your Spells              Type           Power      Damage    Failure   Level
a - Summon Small Mammal   Summ           100%       N/A       1%          1
b - Call Imp              Summ           41%        N/A       1%          2
c - Call Canine Familiar  Summ           41%        N/A       1%          3
d - Summon Guardian Gole  Hex/Summ       24%        N/A       5%          3
e - Summon Lightning Spi  Summ/Air       24%        N/A       19%         4

Your spell library contained the following spells:

 Spells                   Type           Power      Damage    Failure   Level
 Apportation              Tloc           14%        N/A       6%          1
 Freeze                   Ice            28%        1d5       6%          1
 Magic Dart               Conj           28%        1d4       6%          1
 Necrotise                Necr           28%        1d5       6%          1
 Sandblast                Erth           14%        2d6       6%          1
 Sting                    Tmut/Pois      28%        1d4       6%          1
 Blink                    Tloc           14%        N/A       10%         2
 Passwall                 Tmut/Erth      5%         N/A       10%         2
 Frozen Ramparts          Ice            14%        1d3       19%         3
 Hailstorm                Conj/Ice       7%         3d4       19%         3
 Mephitic Cloud           Conj/Pois/Air  7%         N/A       19%         3
 Stone Arrow              Conj/Erth      14%        3d7       19%         3
 Manifold Assault         Tloc           7%         N/A       54%         4
 Malign Gateway           Summ/Tloc      12%        N/A       100%        7
 Storm Form               Tmut/Air       3%         N/A       100%        7
 Summon Horrible Things   Summ           20%        N/A       100%        8


Dungeon Overview and Level Annotations

Branches:
Dungeon (8/15)             Temple (1/1) D:4         Ossuary (visited)
 Bailey (1/1)
   Lair: D:8-11

Altars:
Ashenzari
Cheibriados
Gozag
Hepliaklqana
Kikubaaqudgha
Makhleb
Nemelex Xobeh
Okawaru
Qazlal
Ru
Sif Muna
Uskayaw
Vehumet
Wu Jian
Xom
Yredelemnul
Zin
The Shining One

Shops:
D:1 [   D:5 =

Annotations:
D:7 2 runed translucent doors


Innate Abilities, Weirdness & Mutations

You are small and have problems with some larger weapons.
You are completely attuned to the shadows.
You are partially covered in large bone plates. (SH +4)
You are agile. (Dex +4, Str/Int -1)
You occasionally shout uncontrollably at your foes.


Message History

The kobold hits you but does no damage. The orc warrior misses you.
You block the kobold's attack. You block the goblin's attack.
The orc warrior misses you.
You hit the orc warrior.
The orc warrior is heavily wounded.
The kobold completely misses you.
You hit the orc warrior.
The orc warrior is heavily wounded.
The goblin misses you. The kobold hits you but does no damage.
The orc warrior completely misses you. The orc warrior misses you.
The kobold hits you but does no damage.
You closely miss the orc warrior.
The orc warrior is heavily wounded.
The goblin misses you. The kobold barely misses you.
The orc warrior completely misses you. x2
You hit the orc warrior but do no damage.
The orc warrior looks even sicker.
The orc warrior is heavily wounded.
The kobold completely misses you.
You hit the orc warrior but do no damage.
The orc warrior is heavily wounded.
The goblin misses you. The kobold completely misses you.
The orc warrior completely misses you.
The orc warrior hits you with a +0 war axe!
You hit the orc warrior but do no damage.
The orc warrior looks as sick as possible!
The orc warrior is heavily wounded.
The kobold completely misses you.
The orc warrior hits you with a +0 war axe!
The kobold hits you but does no damage.
The orc warrior hits you with a +0 war axe!
* * * LOW HITPOINT WARNING * * *
The goblin closely misses you.
As you read the scroll of teleportation, it crumbles to dust.
You feel strangely unstable. The kobold completely misses you.
The orc warrior hits you with a +0 war axe!
* * * LOW HITPOINT WARNING * * *
The kobold hits you but does no damage.
The orc warrior hits you with a +0 war axe!!
You die...

##.....
##..8..8
#........
#$(go.....
#..@8.....
##oKK...#
##.....#
##)...#
.###'##
.~~~.#
.~~~.#
.~~~.#
.~~~.#


You could see 2 orc warriors, a goblin and 2 kobolds.

Vanquished Creatures
  The ghost of LnG the Covert, a novice KoSu (D:6)
  An orc warrior (D:6)
  A sky beast (D:7)
  4 ice beasts
  A kobold brigand (D:7)
  6 bullfrogs
  An elf zombie (Ossuary)
  A gnoll sergeant (D:7)
  5 scorpions
  A necrophage (D:5)
  A wight (D:7)
  2 centaur zombies (Ossuary)
  A gnoll bouda (D:6)
  5 hounds
  3 jellies
  6 iguanas
  An orc wizard (D:6)
  2 mummies
  14 gnolls
  3 adders
  2 shadow imps
  A white imp (D:4)
  An ufetubus (D:5)
  A dart slug (D:1)
  12 orcs
  2 endoplasms (D:4)
  A giant cockroach (D:1)
  5 hobgoblins
  9 jackals
  3 quokkas
  5 ball pythons
  A bat (D:1)
  4 frilled lizards
  6 goblins
  A goblin zombie (D:6)
  8 hobgoblin zombies (Ossuary)
  2 jackal zombies (Ossuary)
  10 kobolds
  7 kobold zombies
  5 orc zombies (Ossuary)
  2 rats
  A rat zombie (Ossuary)
149 creatures vanquished.

Vanquished Creatures (collateral kills)
  A phantom (D:6)
  A bullfrog (D:6)
  A gnoll sergeant (D:7)
  3 wights (D:7)
  An orc priest (D:4)
  A human zombie (Ossuary)
  A mummy (Ossuary)
  7 gnolls
  An ufetubus (D:7)
  3 orcs
  An endoplasm (D:1)
  A giant cockroach (D:1)
  A goblin (D:1)
  A hobgoblin (D:1)
  2 quokkas (D:1)
  A frilled lizard (D:1)
  2 hobgoblin zombies (Ossuary)
  A jackal zombie (Ossuary)
  2 kobolds (D:7)
  A kobold zombie (Ossuary)
  7 orc zombies (Ossuary)
  2 rats (D:1)
42 creatures vanquished.

Vanquished Creatures (others)
  Edmund (D:5)
  A wight (D:7)
2 creatures vanquished.

Grand Total: 193 creatures vanquished

Notes
Turn   | Place    | Note
-------+----------+-------------------------------------------
     0 | D:1      | LnG the Kobold Summoner began the quest for the Orb.
     0 | D:1      | Reached XP level 1. HP: 10/10 MP: 3/3
   199 | D:1      | Reached XP level 2. HP: 15/15 MP: 1/5
   694 | D:1      | Reached XP level 3. HP: 14/20 MP: 6/6
   697 | D:1      | Learned a level 2 spell: Call Imp
   720 | D:1      | Learned a level 3 spell: Call Canine Familiar
   732 | D:1      | Reached skill level 3 in Stealth
   908 | D:1      | Found Peyluig's Armour Boutique.
   943 | D:1      | Found a faded altar of an unknown god.
  1992 | D:3      | Got the Tractate on the Snake and Beckoning
  2856 | D:3      | Identified the +0 cloak "Coogaxkith" {Int+9 Dex+4}
  3199 | D:4      | HP: 1/20 [hound (5)]
  3200 | D:4      | Gained mutation: You are agile. (Dex +4, Str/Int -1)
                  | [potion of mutation]
  3200 | D:4      | Gained mutation: You occasionally shout uncontrollably at
                  | your foes. [potion of mutation]
  3200 | D:4      | Gained mutation: You are partially covered in large bone
                  | plates. (SH +4) [potion of mutation]
  3202 | D:4      | Reached skill level 4 in Stealth
  3202 | D:4      | Reached XP level 4. HP: 24/24 MP: 0/7
  3218 | D:3      | Reached skill level 1 in Fighting
  3409 | D:4      | Found an ornate altar of the Wu Jian Council.
  3442 | D:4      | Reached skill level 1 in Short Blades
  3442 | D:4      | Reached skill level 5 in Stealth
  3442 | D:4      | Reached XP level 5. HP: 14/29 MP: 2/8
  3580 | D:4      | Found an iron altar of Okawaru.
  3986 | D:4      | Found a staircase to the Ecumenical Temple.
  3999 | Temple   | Entered the Ecumenical Temple
  4543 | D:4      | Reached skill level 6 in Stealth
  4543 | D:4      | Reached XP level 6. HP: 34/34 MP: 8/10
  5106 | D:5      | Entered Level 5 of the Dungeon
  5206 | D:5      | Identified the +5 mace of Infection {freeze, *Rage +Blink
                  | rF+ rN++}
  5344 | D:5      | Reached skill level 7 in Stealth
  5420 | D:5      | Noticed Edmund
  5570 | D:5      | Reached XP level 7. HP: 38/38 MP: 11/11
  5581 | D:5      | Learned a level 3 spell: Summon Guardian Golem
  5583 | D:5      | Found Rewasaw's Jewellery Boutique.
  5858 | D:5      | Killed Edmund
  5859 | D:5      | Reached skill level 8 in Stealth
  5859 | D:5      | Reached skill level 1 in Evocations
  5922 | D:5      | Reached XP level 8. HP: 44/44 MP: 13/13
  6289 | D:6      | Reached skill level 9 in Stealth
  6353 | D:6      | Reached skill level 5 in Summonings
  6566 | D:6      | Found a hazy altar of Hepliaklqana.
  6615 | D:6      | Reached skill level 10 in Stealth
  6811 | D:6      | Reached XP level 9. HP: 48/48 MP: 14/14
  6871 | D:6      | Found a sand-covered staircase.
  6876 | Ossuary  | Entered an ossuary
  6986 | Ossuary  | Reached skill level 5 in Short Blades
  6987 | Ossuary  | Reached skill level 5 in Dodging
  7010 | Ossuary  | Reached skill level 11 in Stealth
  7278 | D:6      | Found a runed translucent door.
  7484 | D:6      | Learned a level 4 spell: Summon Lightning Spire
  7684 | D:6      | Reached skill level 1 in Shields
  8288 | D:6      | Noticed LnG's ghost (novice KoSu)
  8406 | D:6      | Killed LnG's ghost
  8559 | D:7      | Found a large runed translucent door.
  8560 | D:7      | Found a large runed translucent door.
  8703 | D:7      | Reached XP level 10. HP: 34/56 MP: 11/16
  8769 | D:7      | Reached skill level 12 in Stealth
  8998 | D:7      | Found a radiant altar of Vehumet.
  9790 | D:8      | Found a glowing silver altar of Zin.
  9886 | D:8      | Found an ancient bone altar of Kikubaaqudgha.
  9951 | D:8      | Found a stormy altar of Qazlal.
 10049 | D:8      | Found a flagged portal.
 10061 | Bailey   | Entered a bailey
 10074 | Bailey   | Noticed an orc warlord
 10137 | Bailey   | Mangled by an orc warrior

Illustrated notes

Levels and vault maps discovered:
D:1:      minmay_arrival_wavy_path, layout_loops_ring,
          shapermc_ecumenical_altar_mp_highgroup, serial_shops,
          nicolae_shop_statue_plus
D:2:      layout_loops_corners
D:3:      layout_basic
D:4:      layout_layer_cave, okawaru_gym_becter,
          mainiacjoe_overflow_tiny_flanked, minmay_temple_entry_butterflies
D:5:      layout_basic, serial_shops, shop, uniq_edmund
D:6:      layout_layer_cave, lemuel_coloured_pillars_altar,
          ebering_ghost_sewer_d, nicolae_ossuary_entry_giza
D:7:      layout_cave_pools, jmf_multi_god_temple2,
          nicolae_overflow_hidden_temple
D:8:      layout_rooms, fedhas_bush_and_centaur_altar,
          nicolae_qazlal_general_emergency, mainiacjoe_overflow_catwalk_spiral,
          erik_lair_dragon, enter_bailey_7, grunt_ministairs_15
Temple:   grunt_temple_mini_profane
Bailey:   bailey_axe_bossmonster_kennysheep, bailey

Skill      XL: |  1  2  3  4  5  6  7  8  9 10 |
---------------+-------------------------------+-----
Stealth        | 4 5 6 7 8 10 11 12 | 12.4
Fighting       | 1 2 3 |  3.8
Short Blades   | 1 2 3 4 6 |  6.8
Dodging        | 3 4 6 7 |  7.1
Spellcasting   | 3 4 |  4.8
Evocations     | 1 |  1.2
Summonings     | 5 |  5.9
Shields        | 1 |  1.9

Action                   |  1- 3 |  4- 6 |  7- 9 | 10-12 || total
-------------------------+-------+-------+-------+-------++-------
Melee: Unarmed           |    12 |       |       |       ||    12
       Dagger            |    66 |    49 |   409 |   127 ||   651
       Punch             |       |     2 |     5 |       ||     7
 Cast: Summon Small Mamm |    13 |     2 |       |       ||    15
       Call Canine Famil |     3 |     5 |    17 |     3 ||    28
       Call Imp          |       |     3 |     5 |     4 ||    12
       Summon Guardian G |       |       |     1 |     1 ||     2
Evoke: Wand              |       |     4 |       |       ||     4
  Use: Potion            |     2 |       |     1 |       ||     3
       Scroll            |       |     6 |     1 |     2 ||     9
 Stab: Sleeping          |    18 |     9 |    26 |     8 ||    61
       Distracted        |       |       |     3 |     1 ||     4
Armor: Robe              |     6 |    14 |   116 |    16 ||   152
Dodge: Dodged            |    64 |    42 |   395 |   116 ||   617
Block: Other             |       |    10 |    82 |    21 ||   113

Table legend: (Time is in decaauts)
 A = Elapsed time spent in this place.
 B = Non-inter-level travel time spent in this place.
 C = Inter-level travel time spent in this place.
 D = Time resting spent in this place.
 E = Time spent auto-exploring this place.
 F = Levels seen in this place.
 G = Mean time per level.
                   A        B        C        D        E       F      G
               +--------+--------+--------+--------+--------+-----+--------+
         Total |   9989 |   9472 |    517 |    263 |   7318 |  11 |  908.1 |
       Dungeon |   9314 |   8869 |    445 |    263 |   6957 |   8 | 1164.2 |
        Temple |    282 |    210 |     72 |      0 |    205 |   1 |  282.0 |
       Ossuary |    325 |    325 |      0 |      0 |    118 |   1 |  325.0 |
        Bailey |     66 |     66 |      0 |      0 |     38 |   1 |   66.0 |
               +--------+--------+--------+--------+--------+-----+--------+

Top non-repeatable levels by time:
     D:6: 1841 daAuts
     D:4: 1594 daAuts
     D:3: 1403 daAuts
     D:7: 1253 daAuts
     D:1: 1099 daAuts
     D:5: 1007 daAuts
     D:2: 840 daAuts
 Ossuary: 325 daAuts
  Temple: 282 daAuts
     D:8: 274 daAuts
  Bailey: 66 daAuts
